 Seeded DCSS version 0.31-a0-16-g6d2539766c (webtiles) character file.

Game seed: 1081996 (custom seed)

6835 muata the Caller (level 10, -1/77 HPs)
             Began as a Demonspawn Summoner on Mar 10, 2023.
             Was a Priest of Vehumet.
             Shot with an arrow by a centaur warrior (12 damage)
             ... on level 11 of the Dungeon on May 8, 2023.
             The game lasted 01:34:34 (11853 turns).

muata the Caller (Demonspawn Summoner)             Turns: 11853, Time: 01:34:35

Health: -1/77      AC: 11    Str: 13    XL:     10   Next: 77%
Magic:  17/17      EV: 12    Int: 27    God:    Vehumet [***...]
Gold:   694        SH:  0    Dex: 20    Spells: 5/19 levels left

rFire   + . .        q - +5 dagger
rCold   . . .        (no shield)
rNeg    . . .        u - +0 ring mail
rPois   +            (helmet unavailable)
rElec   .            L - +0 cloak
rCorr   .            j - +1 pair of gloves
SInv    +            v - +0 pair of boots
Will    .....        t - amulet of regeneration
Stlth   ++           l - ring "Naxir" {rPois rF+ Will- Str+4 Int+7 Dex+6}
HPRegen 1.12/turn    k - ring of poison resistance
MPRegen 0.15/turn

%: no passive effects
@: about to teleport, spiked
A: antennae 3, sturdy frame 3, demonic magic 1
a: Renounce Religion


You were on level 11 of the Dungeon.
You worshipped Vehumet.
Vehumet was most pleased with you.
You visited 1 branch of the dungeon, and saw 11 of its levels.

You collected 694 gold pieces.

Inventory:

Hand Weapons
 q - a +5 dagger (weapon)
 K - a +2 quarterstaff of chaos
 V - a +4 spear of venom
Missiles
 I - 3 throwing nets
Armour
 j - a +1 pair of gloves (worn)
 u - a +0 ring mail (worn)
 v - a +0 pair of boots (worn)
 D - +0 ice dragon scales
 E - a +0 scale mail
 L - a +0 cloak (worn)
Magical Staves
 x - a staff of poison
 C - a staff of cold
Jewellery
 e - a ring of ice
 k - a ring of poison resistance (right hand)
 l - the ring "Naxir" (left hand) {rPois rF+ Will- Str+4 Int+7 Dex+6}
   (You found it on level 2 of the Dungeon)

   [ring of dexterity]

   Str:       It affects your strength (+4).
   Int:       It affects your intelligence (+7).
   Dex:       It affects your dexterity (+6).
   rF:        It protects you from fire.
   rPois:     It protects you from poison.
   Will:      It decreases your willpower.
 s - a ring of fire
 t - an amulet of regeneration (around neck)
Wands
 A - a wand of digging (4)
 H - a wand of iceblast (27)
 N - a wand of flame (11)
 T - a wand of mindburst (10)
Scrolls
 h - 3 scrolls of teleportation
 m - 2 scrolls of fear
 n - 3 scrolls of torment
 w - a scroll of blinking {unknown}
 y - a scroll of summoning {unknown}
 z - a scroll of magic mapping {unknown}
 G - 3 scrolls of fog
 J - 2 scrolls of acquirement
 M - 2 scrolls of noise {unknown}
 P - a scroll of enchant armour {unknown}
 Q - 3 scrolls of amnesia {unknown}
 S - a scroll of vulnerability {unknown}
Potions
 a - 2 potions of resistance {unknown}
 b - 2 potions of magic
 c - a potion of degeneration {unknown}
 d - 3 potions of flight
 f - 3 potions of curing
 g - 2 potions of brilliance
 i - 2 potions of might
 o - 3 potions of heal wounds
 p - 3 potions of cancellation
 r - a potion of invisibility {unknown}
 B - 2 potions of lignification {unknown}
 F - a potion of haste {unknown}
 O - a potion of ambrosia {unknown}
 R - 3 potions of mutation {unknown}
 U - 2 potions of berserk rage {unknown}


   Skills:
 - Level 6.3 Fighting
 - Level 6.2 Armour
 - Level 1.7 Dodging
 - Level 1.7 Stealth
 - Level 5.1 Spellcasting
 + Level 4.3 Conjurations
 - Level 4.1 Hexes
 - Level 7.3 Summonings
 - Level 7.0 Air Magic
 - Level 4.1 Poison Magic


You had 5 spell levels left.
You knew the following spells:

 Your Spells              Type           Power      Damage    Failure   Level
a - Summon Small Mammal   Summ           100%       N/A       1%          1
b - Call Imp              Summ           92%        N/A       1%          2
c - Call Canine Familiar  Summ           46%        N/A       1%          3
d - Summon Guardian Gole  Hex/Summ       38%        N/A       1%          3
e - Summon Lightning Spi  Summ/Air       45%        N/A       3%          4
f - Shock                 Conj/Air       100%       1d9       1%          1

Your spell library contained the following spells:

 Spells                   Type           Power      Damage    Failure   Level
 Iskenderun's Mystic Bla  Conj/Tloc      18%        2d6       8%          4
 Apportation              Tloc           12%        N/A       7%          1
 Alistair's Intoxication  Tmut/Pois      12%        N/A       63%         5
 Conjure Ball Lightning   Conj/Air       18%        3x3d6     26%         6
 Discord                  Hex            14%        N/A       100%        8
 Disjunction              Tloc           3%         N/A       100%        8


Dungeon Overview and Level Annotations

Branches:
Dungeon (11/15)            Temple (0/1) D:7
   Lair: D:8-11         Orc: D:9-12

Altars:
Cheibriados
Dithmenos
Fedhas
Gozag
Hepliaklqana
Makhleb
Sif Muna
Uskayaw
Vehumet
Yredelemnul

Shops:
D:2 (   D:6 (


Innate Abilities, Weirdness & Mutations

You have a pair of large antennae on your head. (SInv)
Your movements are significantly less encumbered by armour. (ER -6)
Spells you cast may paralyse adjacent enemies.


Message History

Casting: Summon Small Mammal (safe; 1% risk of failure)
Confirm with . or Enter, or press ? or * to list all spells.
Malevolent energies surge around you.
The unseen horror suddenly stops moving!
You swap places.
The centaur warrior shouts!
The centaur warrior shoots an arrow.
The arrow hits you!
The centaur warrior shoots an arrow.
The arrow closely misses you.
The unseen horror is no longer paralysed.
The unseen horror hits you but does no damage.
The centaur warrior shoots an arrow.
The arrow hits you!!
You hear a shout!
The centaur warrior shoots an arrow.
The arrow completely misses you.
The centaur warrior shoots an arrow.
The arrow hits you!
The unseen horror completely misses you.
As you read the scroll of teleportation, it crumbles to dust.
You feel strangely unstable. The unseen horror barely misses you.
The centaur warrior shoots an arrow.
The arrow hits you.
The manticore flicks its tail.
The volley of spikes hits you!
The barbed spikes become lodged in your body.
The barbs in your skin will harm you if you move.
Continue?
Okay, then.
The barbs in your skin will harm you if you move.
Continue?
Okay, then.
The unseen horror hits you but does no damage.
The centaur warrior shoots an arrow.
The arrow hits the unseen horror!
The unseen horror hits your quokka.
Your quokka dies!
Your quokka's corpse disappears in a puff of smoke!
The centaur warrior shoots an arrow.
The arrow closely misses the unseen horror.
The arrow hits you!!
* * * LOW HITPOINT WARNING * * *
The unseen horror hits you but does no damage.
The unseen horror hits you but does no damage.
The centaur warrior shoots an arrow.
The arrow barely misses the unseen horror.
The arrow hits you!
You die...

H...c..c....#..#
###..<..<.....
..#.##.##...##
#.#....## ...
####.#c.[..# #
#....cH#.#.#
#....§§....#.
#....x.......
#....@§.[....
#............
#...)........
#............
#####........
#.#......
#.#......
..#......
...#.##...


You could see a centaur warrior, a manticore, an unseen horror (invisible) and a
centaur.

Vanquished Creatures
  A troll (D:10)
  2 yaks (D:9)
  An orc warrior (D:10)
  An ogre (D:6)
  2 kobold brigands (D:9)
  2 bullfrogs (D:6)
  A gnoll sergeant (D:5)
  2 wights (D:10)
  2 howler monkeys (D:8)
  A hound (D:6)
  An orc priest (D:6)
  A gnoll bouda (D:5)
  2 iguanas (D:6)
  2 orc wizards
  A mummy (D:6)
  7 adders
  3 shadow imps (D:5)
  2 white imps
  A dart slug (D:3)
  6 orcs
  5 bats
  2 giant cockroaches (D:2)
  4 goblins
  A hobgoblin (D:3)
  A jackal (D:3)
  A ball python (D:3)
  4 frilled lizards
  6 kobolds
  2 rats (D:2)
67 creatures vanquished.

Vanquished Creatures (collateral kills)
  A hornet (D:9)
  Prince Ribbit (D:5)
  Sigmund (D:6)
  A wraith (D:10)
  6 yaks (D:9)
  A steam dragon (D:8)
  An acid dragon (D:10)
  3 water moccasins
  2 black bears
  2 sky beasts
  An orc warrior (D:8)
  2 ice beasts
  An ogre (D:4)
  3 centaurs
  A kobold brigand (D:5)
  A bullfrog (D:8)
  4 scorpions
  6 wights
  6 killer bees (D:8)
  2 howler monkeys (D:8)
  2 orc priests (D:8)
  A sleepcap (D:4)
  4 hounds
  A gnoll bouda (D:7)
  Crazy Yiuf (D:5)
  6 orc wizards
  17 gnolls
  3 adders
  A shadow imp (D:8)
  25 orcs
  4 bats
  6 endoplasms
  3 giant cockroaches
  3 goblins
  6 hobgoblins
  3 quokkas
  5 ball pythons
  5 frilled lizards
  2 hobgoblin zombies (D:6)
  14 kobolds
  2 kobold zombies (D:6)
  3 rats
163 creatures vanquished.

Vanquished Creatures (others)
  Pikel (D:4)
  A gnoll sergeant (D:10)
  An orc priest (D:6)
  Ijyb (D:5)
  3 orcs
7 creatures vanquished.

Grand Total: 237 creatures vanquished

Notes
Turn   | Place    | Note
-------+----------+-------------------------------------------
     0 | D:1      | muata the Demonspawn Summoner began the quest for the Orb.
     0 | D:1      | Reached XP level 1. HP: 13/13 MP: 3/3
   235 | D:1      | Gained mutation: You have a pair of small antennae on your
                  | head. [demonic ancestry]
   235 | D:1      | Reached XP level 2. HP: 19/19 MP: 2/5
   456 | D:1      | Learned a level 2 spell: Call Imp
   784 | D:2      | Identified the ring "Naxir" {rPois rF+ Will- Str+4 Int+7
                  | Dex+6}
   871 | D:2      | Gained mutation: Your movements are slightly less
                  | encumbered by armour. (ER -2) [demonic ancestry]
   871 | D:2      | Reached XP level 3. HP: 24/24 MP: 5/7
   894 | D:2      | Learned a level 3 spell: Call Canine Familiar
  1272 | D:2      | Found Axuekof's Weapon Emporium.
  1363 | D:2      | Learned a level 3 spell: Summon Guardian Golem
  1625 | D:2      | Found a faded altar of an unknown god.
  2000 | D:3      | Gained mutation: Your movements are less encumbered by
                  | armour. (ER -4) [demonic ancestry]
  2000 | D:3      | Reached XP level 4. HP: 30/30 MP: 6/10
  2730 | D:3      | Found a basalt altar of Yredelemnul.
  2893 | D:3      | Found a radiant altar of Vehumet.
  2924 | D:3      | Found a shimmering blue altar of Sif Muna.
  2953 | D:3      | Became a worshipper of Vehumet
  3454 | D:4      | Reached skill level 1 in Hexes
  3693 | D:4      | Gained mutation: You have a pair of antennae on your head.
                  | [demonic ancestry]
  3693 | D:4      | Reached XP level 5. HP: 28/35 MP: 11/11
  3760 | D:4      | Noticed an ogre
  3767 | D:4      | Killed an ogre
  3822 | D:4      | Noticed Pikel
  3822 | D:4      | Noticed a lemure
  4000 | D:4      | Gained mutation: Your movements are significantly less
                  | encumbered by armour. (ER -6) [demonic ancestry]
  4000 | D:4      | Reached XP level 6. HP: 41/41 MP: 8/12
  4005 | D:4      | Learned a level 4 spell: Summon Lightning Spire
  4413 | D:4      | Killed Pikel
  4414 | D:4      | Gained mutation: You have a pair of large antennae on your
                  | head. (SInv) [demonic ancestry]
  4414 | D:4      | Reached XP level 7. HP: 24/47 MP: 3/13
  4587 | D:4      | Upgraded the game from 0.30-a0-867-g305f33218d to
                  | 0.30-a0-879-ga8ba668304
  4592 | D:5      | Entered Level 5 of the Dungeon
  4854 | D:5      | Found a hazy altar of Hepliaklqana.
  4929 | D:5      | Reached skill level 1 in Poison Magic
  5200 | D:5      | Noticed Prince Ribbit
  5230 | D:5      | Killed Prince Ribbit
  5231 | D:5      | Gained mutation: Spells you cast may paralyse adjacent
                  | enemies. [demonic ancestry]
  5231 | D:5      | Reached XP level 8. HP: 41/53 MP: 3/14
  5409 | D:5      | Noticed Ijyb
  5447 | D:5      | Killed Ijyb
  5536 | D:5      | Reached * piety under Vehumet
  5536 | D:5      | Offered knowledge of Foxfire by Vehumet.
  5537 | D:5      | Reached skill level 1 in Armour
  6055 | D:5      | Found a runed translucent door.
  6056 | D:5      | Noticed Crazy Yiuf
  6065 | D:5      | Killed Crazy Yiuf
  6939 | D:6      | Reached skill level 5 in Armour
  7020 | D:6      | Noticed Sigmund
  7057 | D:6      | Killed Sigmund
  7058 | D:6      | Reached XP level 9. HP: 58/58 MP: 11/15
  7480 | D:6      | Reached skill level 5 in Spellcasting
  7484 | D:6      | Offered knowledge of Shock by Vehumet.
  7519 | D:6      | Reached ** piety under Vehumet
  7531 | D:6      | Upgraded the game from 0.30-a0-879-ga8ba668304 to
                  | 0.30-a0-883-g5ad918d77d
  7533 | D:6      | Learned a level 1 spell: Shock
  7649 | D:6      | Reached skill level 1 in Air Magic
  8001 | D:6      | Found Cicizu's Antique Weapon Shoppe.
  8172 | D:7      | Found a staircase to the Ecumenical Temple.
  8184 | D:7      | Upgraded the game from 0.30-a0-883-g5ad918d77d to
                  | 0.30-a0-918-g0ff054e9dc
  8230 | D:7      | Found an opulent altar of Gozag.
  8849 | D:7      | Identified a scroll of acquirement
  8935 | D:8      | Found a blossoming altar of Fedhas.
  9081 | D:8      | Found a shadowy altar of Dithmenos.
  9081 | D:8      | Found a hide-covered altar of Uskayaw.
  9081 | D:8      | Found a snail-covered altar of Cheibriados.
  9135 | D:8      | Reached skill level 5 in Air Magic
  9655 | D:8      | Reached XP level 10. HP: 64/64 MP: 11/17
  9738 | D:8      | Offered knowledge of Inner Flame by Vehumet.
  9788 | D:8      | Reached skill level 1 in Fighting
 10325 | D:9      | Reached *** piety under Vehumet
 10490 | D:9      | Upgraded the game from 0.30-a0-918-g0ff054e9dc to
                  | 0.30-a0-949-g53dc5368d7
 10511 | D:8      | Upgraded the game from 0.30-a0-949-g53dc5368d7 to
                  | 0.30-a0-1160-g6e42c06551
 10606 | D:9      | Reached skill level 5 in Fighting
 10607 | D:9      | Offered knowledge of Iskenderun's Mystic Blast by Vehumet.
 10867 | D:9      | Found a burning altar of Makhleb.
 11145 | D:10     | Entered Level 10 of the Dungeon
 11156 | D:10     | Reached skill level 1 in Conjurations
 11637 | D:10     | Noticed a death yak
 11668 | D:10     | Upgraded the game from 0.30-a0-1160-g6e42c06551 to
                  | 0.31-a0-16-g6d2539766c
 11821 | D:10     | Noticed a death yak
 11824 | D:10     | Noticed a death yak
 11840 | D:11     | Noticed a centaur warrior
 11842 | D:11     | Noticed a manticore
 11853 | D:11     | Shot with an arrow by a centaur warrior

Illustrated notes

Levels and vault maps discovered:
D:1:      heliophobic_arrival_henge, layout_rooms,
          ebering_dispersal_statue_hall, reono_crystal_passage
D:2:      layout_loops_ring, dreamdust_ecumenical_altar_angels_and_demons,
          serial_shops, shop
D:3:      wad_river_or_something, layout_basic, old_standard_altar,
          mainiacjoe_overflow_boulevard, mainiacjoe_overflow_alcove_2,
          mainiacjoe_overflow_alcove_1
D:4:      layout_gridville, kennysheep_generic_room_2, uniq_pikel
D:5:      layout_loops_corners, mainiacjoe_overflow_catwalk,
          mainiacjoe_overflow_small_starburst, lexackson_kobold_supper,
          uniq_crazy_yiuf_cottage, uniq_prince_ribbit1, uniq_ijyb
D:6:      layout_gridville, serial_shops, nicolae_shop_hallway_plus,
          minmay_mini_ossuary, uniq_sigmund
D:7:      layout_basic, mainiacjoe_overflow_24_doors,
          minmay_temple_entry_metal_lava, hex_tiny, kennysheep_donut
D:8:      layout_loops_ring, lemuel_tele_altar,
          gammafunk_temple_overflow_forgotten
D:9:      layout_small_grid, lightli_temple_of_fire
D:10:     layout_stronghold, dpeg_lair_monsters, david_orc_1_choice
D:11:     layout_rooms

Skill      XL: |  1  2  3  4  5  6  7  8  9 10 |
---------------+-------------------------------+-----
Spellcasting   | 3 4 5 |  5.1
Hexes          | 2 4 |  4.1
Summonings     | 6 7 |  7.3
Poison Magic   | 3 4 |  4.1
Armour         | 5 6 |  6.2
Air Magic      | 6 7 |  7.0
Fighting       | 6 |  6.3
Conjurations   | 4 |  4.3
Dodging        | |  1.7
Stealth        | |  1.7

Action                     |  1- 3 |  4- 6 |  7- 9 | 10-12 || total
---------------------------+-------+-------+-------+-------++-------
  Melee: Short sword       |    87 |    21 |       |       ||   108
         Punch             |     3 |       |     1 |     1 ||     5
         Staff             |       |    63 |    90 |       ||   153
         Quarterstaff      |       |       |    87 |       ||    87
         Dagger            |       |       |       |    71 ||    71
   Cast: Summon Small Mamm |    29 |    28 |   102 |    39 ||   198
         Call Imp          |     9 |    13 |    24 |     7 ||    53
         Call Canine Famil |       |     1 |    32 |    11 ||    44
         Summon Guardian G |       |     1 |     5 |     2 ||     8
         Shock             |       |       |     6 |       ||     6
         Summon Lightning  |       |       |       |     5 ||     5
  Evoke: Wand              |       |       |       |     2 ||     2
    Use: Scroll            |       |     1 |     8 |     1 ||    10
         Potion            |       |       |     2 |     1 ||     3
   Stab: Sleeping          |     1 |     2 |     2 |     1 ||     6
         Distracted        |     1 |     2 |     3 |     2 ||     8
         Paralysed         |       |       |    12 |     5 ||    17
 Armour: Robe              |    44 |       |       |       ||    44
         Ring mail         |       |    41 |    83 |    32 ||   156
  Dodge: Dodged            |    88 |    63 |    88 |    60 ||   299

Table legend: (Time is in decaauts)
 A = Elapsed time spent in this place.
 B = Non-inter-level travel time spent in this place.
 C = Inter-level travel time spent in this place.
 D = Time resting spent in this place.
 E = Time spent auto-exploring this place.
 F = Levels seen in this place.
 G = Mean time per level.
                   A        B        C        D        E       F      G
               +--------+--------+--------+--------+--------+-----+--------+
         Total |  11929 |  11497 |    432 |   1802 |   5722 |  11 | 1084.5 |
       Dungeon |  11929 |  11497 |    432 |   1802 |   5722 |  11 | 1084.5 |
               +--------+--------+--------+--------+--------+-----+--------+

Top non-repeatable levels by time:
     D:5: 2132 daAuts
     D:8: 1456 daAuts
     D:6: 1380 daAuts
     D:3: 1340 daAuts
     D:2: 1314 daAuts
     D:4: 1216 daAuts
     D:9: 833 daAuts
     D:1: 778 daAuts
     D:7: 751 daAuts
    D:10: 711 daAuts
    D:11: 12 daAuts
